 Dungeon Crawl Stone Soup version 0.28-a0-697-g47f3eba078 (webtiles) character file.

Game seed: 12843370820763754549

168 KoroneIsBestGirl the Skirmisher (level 5, 0/47 HPs)
             Began as a Minotaur Fighter on Oct 24, 2021.
             Was a Believer of Zin.
             Slain by Grinder (1 damage)
             ... while paralysed by Grinder
             ... on level 3 of the Dungeon.
             The game lasted 00:02:09 (2862 turns).

KoroneIsBestGirl the Skirmisher (Minotaur Fighter)  Turns: 2862, Time: 00:02:09

Health: 0/47       AC:  7    Str: 22    XL:     5   Next: 23%
Magic:  4/4        EV:  2    Int:  5    God:    Zin [**....]
Gold:   126        SH:  0    Dex: 15    Spells: 4/4 levels left

rFire   . . .      SeeInvis .   a - +0 trident
rCold   . . .      Faith    .   q - +0 kite shield
rNeg    . . .      Spirit   .   b - +0 scale mail
rPois   .          Reflect  .   (helmet restricted)
rElec   .          Harm     .   (no cloak)
rCorr   +          Rampage  .   (no gloves)
Will    .....                   (no boots)
Stlth   ..........              (no amulet)
HPRegen 0.15/turn               p - +6 ring of dexterity
MPRegen 0.09/turn               n - ring of resist corrosion

@: paralysed
A: horns 2, retaliatory headbutt
a: Renounce Religion, Recite, Vitalisation, Donate Gold


You were on level 3 of the Dungeon.
You worshipped Zin.
Zin was pleased with you.
You visited 1 branch of the dungeon, and saw 3 of its levels.

You collected 139 gold pieces.
You donated 13 gold pieces to Zin.

Inventory:

Hand Weapons
 a - a +0 trident (weapon)
Missiles
 e - 100 stones (quivered)
Armour
 b - a +0 scale mail (worn)
 q - a +0 kite shield (worn)
Jewellery
 n - a ring of resist corrosion (right hand)
 p - a +6 ring of dexterity (left hand)
Scrolls
 f - a scroll of identify {unknown}
 g - 4 scrolls of teleportation {unknown}
 h - 2 scrolls of enchant weapon {unknown}
 m - a scroll of blinking {unknown}
 o - a scroll of noise {unknown}
Potions
 d - a potion of might
 i - 2 potions of lignification {unknown}
 j - a potion of degeneration {unknown}
 k - a potion of heal wounds {unknown}
 l - a potion of curing {unknown}


   Skills:
 + Level 4.8 Fighting
 + Level 3.9 Polearms
 + Level 4.7 Armour
 * Level 4.7 Shields


You had 4 spell levels left.
You didn't know any spells.
Your spell library contained the following spells:

 Spells                   Type           Power      Damage    Failure   Level
 Slow                     Hex            0%         N/A       100%        2
 Confusing Touch          Hex            0%         N/A       100%        3
 Yara's Violent Unravell  Hex/Tmut       0%         3d3       100%        5


Dungeon Overview and Level Annotations

Branches:
Dungeon (3/15)

Altars:
Trog
Zin

Annotations:
D:3 Grinder


Innate Abilities, Weirdness & Mutations

You have a pair of horns on your head.
You reflexively headbutt those who attack you in melee.


Message History

You are too injured to fight recklessly!
You are too injured to fight recklessly!
You are too injured to fight recklessly!
You are too injured to fight recklessly!
You are too injured to fight recklessly!
You are too injured to fight recklessly!
You are too injured to fight recklessly!
You are too injured to fight recklessly!
You are too injured to fight recklessly!
You are too injured to fight recklessly!
You are too injured to fight recklessly!
You are too injured to fight recklessly!
You are too injured to fight recklessly!
You are too injured to fight recklessly!
You are too injured to fight recklessly!
You closely miss Grinder.
Grinder is moderately wounded.
Grinder hits you.
You writhe in agony.
You closely miss Grinder.
Grinder is moderately wounded.
Grinder says, "My boss said I was rubbish.
His entrails said otherwise."
Grinder hits you.
* * * LOW HITPOINT WARNING * * *
You barely miss Grinder. You headbutt Grinder.
Grinder is moderately wounded.
You block Grinder's attack. Grinder gestures at you.
You suddenly lose the ability to move!
Grinder hits you.
* * * LOW HITPOINT WARNING * * *
You writhe in agony.
* * * LOW HITPOINT WARNING * * *
Grinder gestures at you.
You shrug off the repeated paralysis!
Grinder hits you.
* * * LOW HITPOINT WARNING * * *
Grinder hits you.
* * * LOW HITPOINT WARNING * * *
You writhe in agony.
You die...

#.# #^# . ### #.#
#. #.. #.# #.#
#.###.#### #..
#........# #...
#.5##.##.#
..##..###..#...#.#
.......5..§#.5@..#
####....#.##.####.#
#....#.........#
#.$..####.####.#
#....####.####.#
#?......÷......#
#....####.######
....## #.# . .....#
##.############


You could see Grinder.

Vanquished Creatures
  A scorpion (D:2)
  Robin (D:2)
  3 adders (D:2)
  3 worms (D:2)
  5 ball pythons
  4 endoplasms
  10 hobgoblins
  2 kobolds
  4 quokkas (D:2)
  4 bats
  2 frilled lizards
  16 goblins
  5 rats
60 creatures vanquished.

Notes
Turn   | Place    | Note
-------+----------+-------------------------------------------
     0 | D:1      | KoroneIsBestGirl the Minotaur Fighter began the quest for
                  | the Orb.
     0 | D:1      | Reached XP level 1. HP: 19/19 MP: 0/0
   240 | D:1      | Reached XP level 2. HP: 27/27 MP: 1/1
   915 | D:2      | Reached XP level 3. HP: 33/33 MP: 2/2
   978 | D:2      | Found a faded altar of an unknown god.
  1046 | D:2      | Prayed at the altar of an unknown god.
  1046 | D:2      | Became a worshipper of Zin the Law-Giver
  1046 | D:2      | Reached * piety under Zin
  1114 | D:2      | Reached ** piety under Zin
  1131 | D:2      | Noticed Robin
  1140 | D:2      | Killed Robin
  1468 | D:2      | Reached XP level 4. HP: 37/41 MP: 3/3
  1648 | D:2      | Found a bloodstained altar of Trog.
  1687 | D:2      | Noticed a scorpion
  1695 | D:2      | Killed a scorpion
  1784 | D:2      | Reached XP level 5. HP: 35/47 MP: 4/4
  2422 | D:3      | Noticed Grinder
  2423 | D:3      | Paralysed by Grinder for 5 turns
  2858 | D:3      | Paralysed by Grinder for 5 turns
  2861 | D:3      | HP: 2/47 [Grinder (2)]
  2862 | D:3      | Slain by Grinder

Illustrated notes

Levels and vault maps discovered:
D:1:      dpeg_arrival_morbid_curiosity, layout_loops_ring
D:2:      layout_loops_corners, ebering_ecumenical_altar_hall, basic_altar,
          uniq_robin
D:3:      layout_basic, uniq_grinder

Skill      XL: |  1  2 |
---------------+-------+-----
Armour         | 4 |  4.7
Fighting       | 4 |  4.8
Shields        | 4 |  4.7
Polearms       | 3 |  3.9

Action                   |  1- 3 |  4- 6 || total
-------------------------+-------+-------++-------
Melee: Trident           |    91 |    73 ||   164
       Headbutt          |    13 |    13 ||    26
Armor: Scale mail        |    24 |    17 ||    41
Dodge: Dodged            |    31 |    14 ||    45
Block: Buckler           |     9 |     8 ||    17
       Kite shield       |       |    10 ||    10

Table legend: (Time is in decaauts)
 A = Elapsed time spent in this place.
 B = Non-inter-level travel time spent in this place.
 C = Inter-level travel time spent in this place.
 D = Time resting spent in this place.
 E = Time spent auto-exploring this place.
 F = Levels seen in this place.
 G = Mean time per level.
                   A        B        C        D        E       F      G
               +--------+--------+--------+--------+--------+-----+--------+
         Total |   2887 |   2810 |     77 |    401 |   2022 |   3 |  962.3 |
       Dungeon |   2887 |   2810 |     77 |    401 |   2022 |   3 |  962.3 |
               +--------+--------+--------+--------+--------+-----+--------+

Top non-repeatable levels by time:
     D:2: 1756 daAuts
     D:1: 894 daAuts
     D:3: 236 daAuts
